 Dungeon Crawl Stone Soup version 0.18-a0-888-g17a9b31 (webtiles) character file.

58 Jmtri7 the Shield-Bearer (level 4, 0/30 HPs)
             Began as a Lacertilian Fighter on Jan 1, 2016.
             Slain by magicalfaerieponies's ghost (2 damage)
             ... on level 3 of the Dungeon.
             The game lasted 00:05:52 (1341 turns).

Jmtri7 the Shield-Bearer (Lacertilian Fighter)      Turns: 1341, Time: 00:05:52

Health: 0/30       AC: 14    Str: 16    XL:     4   Next: 1%
Magic:  3/3        EV:  7    Int:  8    God:
Gold:   88         SH:  9    Dex: 14    Spells: 0 memorised, 3 levels left

rFire  . . .     SeeInvis .     q - +0 whip (drain)
rCold  . . .     Gourm    .     b - +0 scale mail
rNeg   . . .     Faith    +     c - +0 shield
rPois  .         Spirit   .     o - +1 helmet
rElec  .         Dismiss  .     (no cloak)
rCorr  .         Reflect  .     (no gloves)
SustAt .         Harm     .     (no boots)
MR     +....                    (no amulet)
Stlth  +.........               i - +2 ring of protection
                                h - ring of protection from magic

@: drained, somewhat resistant to hostile enchantments, very unstealthy
A: faith, no wrath for changing religions, slimy green scales 2, camouflage 1,
cold-blooded
a: no special abilities


You were on level 3 of the Dungeon.
You were near starving.

You visited 1 branch of the dungeon, and saw 3 of its levels.

You collected 88 gold pieces.

Inventory:

Hand Weapons
 a - a +0 long sword
 q - a +0 whip of draining (weapon)
Armour
 b - a +0 scale mail (worn)
 c - a +0 shield (worn)
 o - a +1 helmet (worn)
Jewellery
 h - a ring of protection from magic (left hand)
 i - a +2 ring of protection (right hand)
 n - an uncursed ring of protection from fire {unknown}
Scrolls
 e - a scroll of teleportation {unknown}
 g - a scroll of fear {unknown}
 k - 2 scrolls of identify {unknown}
 r - 2 scrolls of remove curse {unknown}
Potions
 d - a potion of might
 j - 2 potions of haste {unknown}
 l - a potion of agility {unknown}
 p - a potion of resistance {unknown}
 s - a potion of degeneration {unknown}
 t - a potion of cancellation {unknown}
Comestibles
 f - 2 bread rations
 m - a meat ration


   Skills:
 + Level 2.8(2.5) Fighting
 - Level 1.5(1.2) Long Blades
 + Level 3.6(3.3) Armour
 + Level 3.8(3.5) Shields


You had 3 spell levels left.
You didn't know any spells.

Dungeon Overview and Level Annotations

Branches:
Dungeon (3/15)

Altars:

Annotations:
D:3 magicalfaerieponies's ghost, amateur LaAr


Innate Abilities, Weirdness & Mutations

You have a strong connection with the divine.
You may change religions without incurring divine wrath.
You are mostly covered in slimy green scales (AC +3).
Your skin changes colour to match your surroundings (Stealth).
You are cold-blooded and may be slowed by cold attacks.


Message History

You block magicalfaerieponies's ghost's attack.
You hit magicalfaerieponies's ghost.
Magicalfaerieponies's ghost is almost destroyed.
Magicalfaerieponies's ghost hits you.
* * * LOW HITPOINT WARNING * * *
You barely miss magicalfaerieponies's ghost.
Magicalfaerieponies's ghost is almost destroyed.
Magicalfaerieponies's ghost hits you but does no damage.
Magicalfaerieponies's ghost hits you.
* * * LOW HITPOINT WARNING * * *
You closely miss magicalfaerieponies's ghost.
Magicalfaerieponies's ghost is almost destroyed.
Magicalfaerieponies's ghost hits you but does no damage.
You barely miss magicalfaerieponies's ghost.
Magicalfaerieponies's ghost is almost destroyed.
You block magicalfaerieponies's ghost's attack.
Your shield and scale mail prevent you from hitting magicalfaerieponies's ghost.
Magicalfaerieponies's ghost is almost destroyed.
Magicalfaerieponies's ghost hits you.
You die...

####..##..## .......
#.....##...###.......
#....<.†)............
#..#.####†##.##.......
# ####..#.#........
#.#...#<...........
##......#...........
#.....)...##..######
#......@W.###...#
......%†..# ##....
.##........). ....
............## ...
.#.......#### ###
#.......# ##.....##
##...##


You could see magicalfaerieponies's ghost.

Vanquished Creatures
  2 adders
  2 giant geckos (D:1)
  A giant cockroach (D:2)
  2 hobgoblins (D:2)
  4 jackals (D:3)
  A quokka (D:2)
  6 bats
  2 giant newts (D:1)
  7 goblins
  6 kobolds
  4 rats
37 creatures vanquished.

Notes
Turn   | Place    | Note
--------------------------------------------------------------
     0 | D:1      | Jmtri7 the Lacertilian Fighter began the quest for the Orb.
     0 | D:1      | Reached XP level 1. HP: 15/15 MP: 0/0
   281 | D:1      | Reached XP level 2. HP: 20/20 MP: 1/1
   747 | D:2      | Reached XP level 3. HP: 23/25 MP: 2/2
  1301 | D:3      | Noticed magicalfaerieponies's ghost (amateur LaAr)
  1309 | D:3      | Reached XP level 4. HP: 15/30 MP: 3/3
  1338 | D:3      | HP: 1/30 [magicalfaerieponies's ghost (3)]
  1341 | D:3      | Slain by magicalfaerieponies's ghost

Vault maps used:
D:1:      evilmike_arrival_rings
D:3:      first_bread

Action                   |  1- 3 |  4- 6 || total
-------------------------+-------+-------++-------
Melee: Long sword        |    76 |       ||    76
       Whip              |    46 |    32 ||    78
